Mr T, neutral female gnomish Wizard -------- ---.|....| |...`....|---------- |.-.``-``|.|.......| |.``-./....|.......| |.-..`.|...|.......| |....-`--`-|...<...| |......`...|.......| |.--...|...|.......| |....-.|---|.......| ---....-----------+| |...>aaa@.^^^^^^.| ------------------ Mr T the Thaumaturge Experience level: 7 Strength: 25 Dexterity: 9 Constitution: 14 Intelligence: 19 Wisdom: 12 Charisma: 13 Health: 0(48) Energy: 65(65) Def: 9 Gold: 63 Moves: 5764 Dungeon seed: h6PcfMdqEJnTgofE Game ID: Mr T_1568164381 Your Inventory: Coins $ - 63 gold pieces Weapons w - a +0 elven dagger (weapon in hand) A - 2 +0 orcish daggers (in quiver) Armor e - an uncursed +0 cloak of magic resistance z - an uncursed +0 pair of kicking boots (being worn) E - an uncursed +0 orcish helm (being worn) N - an uncursed +0 pair of gauntlets of power (being worn) Y - an uncursed +0 elven mithril-coat (being worn) Comestibles p - 10 uncursed food rations S - an uncursed fortune cookie Rings c - an uncursed +1 ring of protection (on left hand) U - an uncursed +1 ring of adornment Wands T - a wand of slow monster (0:6) Tools t - an uncursed skeleton key Spells and supernatural/magical abilities: Name Level Category Fail Memory a - force bolt 1 attack 100% 72% n - detect monsters 1 divination 100% 72% s - slow monster 2 enchantment 100% 83% W - pray for help -- divine ? -- Your skills at the end: Fighting Skills Weapon Skills dagger [Basic] quarterstaff [Basic] Spellcasting Skills attack spells [Basic] enchantment spells [Basic] Final Attributes: You were piously aligned. You were telepathic. You had infravision. You were protected. You were extremely unlucky. You are dead. Vanquished creatures: a leprechaun a dog 2 human zombies a bugbear 2 orc shamans 2 rock piercers a kobold mummy a red naga hatchling 2 gray oozes 5 elf zombies a baby crocodile a giant ant a floating eye a kobold lord 3 hill orcs 3 rothes 2 centipedes 2 giant bats a wererat a werejackal an iguana 7 killer bees a gas spore a hobbit a manes 2 large kobolds 3 hobgoblins 2 giant rats a yellow mold a red mold 8 garter snakes 2 gnome zombies a gecko 8 jackals 5 foxes 2 kobolds 4 goblins 10 grid bugs 2 bats 4 lichens 5 newts 105 creatures vanquished. Voluntary challenges: You used a wielded weapon 103 times, starting on turn 1. You read items or engraved 2 times, starting on turn 2351. You never genocided any monsters. You never polymorphed an object. You never changed form. You used no wishes. You never split a pudding. You never wrote Elbereth's name. You violated your moral code, losing 30 points of alignment, starting on turn 2041. Dungeon overview: The Dungeons of Doom: levels 1 to 8 Level 1 an altar to Thoth a long staircase Level 2 Level 3 an armor shop, a fountain Level 4 a fountain stairs to The Gnomish Mines Level 5 many fountains Level 6 a fountain, a sink stairs to Sokoban Level 7 a fountain Level 8 The Gnomish Mines: Level 5 stairs to The Dungeons of Doom Sokoban: levels 3 to 5 Level 3 <- You were here Level 4 Level 5 stairs to The Dungeons of Doom History has recorded: On T:1 you entered the Dungeons of Doom to retrieve the Amulet of Yendor! On T:18 you reached level 2 of The Dungeons of Doom. On T:332 you reached level 3 of The Dungeons of Doom. On T:614 you reached level 4 of The Dungeons of Doom. On T:1111 you advanced to experience level 2. On T:1236 you advanced to experience level 3. On T:1361 you reached level 1 of The Gnomish Mines. On T:1572 you reached level 5 of The Dungeons of Doom. On T:1603 you advanced to experience level 4. On T:1770 you reached level 6 of The Dungeons of Doom. On T:2055 you advanced to experience level 5. On T:2390 you reached level 7 of The Dungeons of Doom. On T:2644 you reached level 8 of The Dungeons of Doom. On T:2872 you reached level 4 of Sokoban. On T:3573 you advanced to experience level 6. On T:4023 you reached level 3 of Sokoban. On T:5390 you advanced to experience level 7. On T:5598 you reached level 2 of Sokoban. Score breakdown: Gold: 63 ( 6144 points) Experience: 7 levels (13645 points) Exploration: 8 levels ( 15.09%) (11006 points) Discoveries: 3 items ( 1.04%) ( 3061 points) Valuables value: (no points given unless you survive) Artifact value: 0 ( 0 points) Variety of kills: 41 monsters ( 10.76%) ( 9841 points) Turncount: 5764 turns (-1564 points) Survival: died (score multiplied by 80%) Total score: 33706 Latest messages: The killer bee just misses! The killer bee misses. You miss the killer bee. The killer bee misses. You miss the killer bee. The killer bee stings! (2x) You miss the killer bee. The killer bee stings! You miss the killer bee. The killer bee stings! (2x) You miss the killer bee. The killer bee stings! You kill the killer bee! The killer bee misses. You miss the killer bee. The killer bee stings! You miss the killer bee. The killer bee misses. The killer bee stings! You miss the killer bee. The killer bee stings! You begin praying to Thoth. The killer bee stings! (3x) You die... Final status: Goodbye Mr T the Wizard, killed by a killer bee, while praying... You died in Sokoban on dungeon level 3 with 33706 points, and 63 pieces of gold, after 5764 moves. You were level 7 with a maximum of 48 hit points when you died.